Cogmind - Beta 15 *** ADVENTURER MODE // 2025.09.23 @ 11:43:02 Player: triibiis Result: Destroyed by Y-54 Guardian with Gatling Laser Performance ------------- Evolutions (3) 1500 Regions Visited (4) 800 Robots Destroyed (33) 165 Value Destroyed (664) 664 Prototype IDs (2) 40 Alien Tech Used (0) 0 Bonus (0) 0 TOTAL SCORE: 3169 Bonus ------- None Cogmind --------- Core Integrity 0/700 Matter 83/300 Energy 38/100 System Corruption 0% Temperature Cool (18) Movement Core (50) Location -7/Factory Parts ------- > --- POWER (2) -------- (None) > --- PROPULSION (4) --- (None) > --- UTILITY (3) ------ (None) > --- WEAPON (4) ------- (None) > --- INVENTORY (5) ---- (None) Peak State ------------ > --- POWER ------------ Nuclear Core > --- PROPULSION ------- Armored Treads Advanced Treads > --- UTILITY ---------- Small Storage Unit Targeting Computer ECM Suite > --- WEAPON ----------- Advanced Beam Rifle High-powered Shotgun > --- INVENTORY -------- Particle Gun Grenade Launcher Grenade Launcher Grenade Launcher Grenade Launcher Grenade Launcher Grenade Launcher [Rating: 19] Favorites ----------- Power Light Ion Engine Engine Light Ion Engine Power Core Nuclear Core Propulsion Hover Unit Treads Advanced Treads Wheel Compact Wheel Hover Unit Hover Unit Flight Unit Flight Unit Utility Targeting Computer Device ECM Suite Storage Small Storage Unit Processor Targeting Computer Weapon Grenade Launcher Energy Gun Particle Gun Ballistic Gun High-powered Shotgun Launcher Grenade Launcher Build | -11 -10 -9 -8 -7 ------- Run | Yrd Mat Mat Mat Fac Slots Evolved 6 | . . 2 2 2 Power 1 | . . . 1 . Propulsion 2 | . . 2 . . Utility 1 | . . . 1 . Weapon 2 | . . . . 2 Parts Attached 42 | 6 5 6 18 7 Power 4 | 1 . . 3 . Engine 3 | 1 . . 2 . Core 1 | . . . 1 . Reactor . | . . . . . Propulsion 14 | 2 2 5 5 . Treads 2 | . . . 2 . Leg . | . . . . . Wheel 2 | 2 . . . . Hover 7 | . . 4 3 . Flight 3 | . 2 1 . . Utility 4 | 1 1 . 1 1 Device 1 | . . . 1 . Storage 1 | 1 . . . . Processor 2 | . 1 . . 1 Hackware . | . . . . . Protection . | . . . . . Artifact . | . . . . . Weapon 20 | 2 2 1 9 6 Energy Gun 3 | . . 1 1 1 Energy Cannon . | . . . . . Ballistic Gun 5 | 2 1 . 1 1 Ballistic Cannon . | . . . . . Launcher 12 | . 1 . 7 4 Special Weapon . | . . . . . Impact Weapon . | . . . . . Slashing Weapon . | . . . . . Piercing Weapon . | . . . . . Special Melee Weapon . | . . . . . Unidentified Prototypes 2 | . . . 1 1 Parts Lost 32 | . . 6 17 9 Power 4 | . . 1 3 . Propulsion 10 | . . 4 6 . Utility 4 | . . . 1 3 Weapon 14 | . . 1 7 6 Highest Loss Streak 9 | . . 4 8 9 To Critical Strikes . | . . . . . Average Backups 5 | 2 5 6 6 1 Power . | . 1 1 . . Propulsion . | 1 2 . . . Utility 1 | . 1 4 . . Weapon 2 | . 1 . 5 1 Tool/Special . | . . . . . Unused Backups 6 | . 2 1 3 . Power . | . . . . . Propulsion 2 | . 2 . . . Utility 3 | . . . 3 . Weapon 1 | . . 1 . . Tool/Special . | . . . . . Average Slot Usage (%) 73 | . 94 78 71 26 Engine 7 | . 14 10 3 . Core 3 | . . . 7 . Treads 3 | . . . 7 . Wheel 5 | . 23 4 . . Hover 6 | . . 6 12 . Flight 4 | . 1 14 1 . Device 4 | . . . 8 5 Storage 9 | . 14 11 8 . Processor 10 | . 12 11 9 7 Energy Gun 3 | . . 8 1 . Ballistic Gun 5 | . 14 2 3 . Launcher 9 | . 12 9 7 12 Peak Build Rating 19 | 6 7 10 19 9 Average Rating 9 | 3 6 7 14 4 On Entrance 4 | . 6 6 8 2 Naked Turns 4 | . . . . 4 Heaviest Build 29 | 12 13 14 29 11 Greatest Support 42 | 26 26 18 42 3 Greatest Overweight (x) 4 | . 3 4 4 3 Average Overweight (x) . | . . . . 1 Largest Inventory Capacity 8 | 8 8 8 8 5 Average Capacity 7 | 5 8 8 7 5 Most Carried 8 | 4 8 8 8 4 Average Carried 5 | 2 5 6 6 1 Final Capacity 8 | 8 8 8 5 5 Final Carried 8 | 4 8 8 5 . Class Distribution -------------------- 95% | Mutant 4% | Bomber Dominant Class ---------------- Mutant | -10/Materials Mutant | -9/Materials Mutant | -8/Materials Bomber | -7/Factory Resources | -11 -10 -9 -8 -7 ----------- Run | Yrd Mat Mat Mat Fac Matter Collected 665 | 221 66 131 159 88 Remotely . | . . . . . Salvage Created 446 | . 73 198 175 . Parts 63 | . 12 29 22 . Haulers Intercepted . | . . . . . Recyclers Shooed 1 | . . 1 . . Parts Field Recycled . | . . . . . Retrieved Matter . | . . . . . Parts Self-Destructed . | . . . . . Prevented . | . . . . . Kills | -11 -10 -9 -8 -7 ------- Run | Yrd Mat Mat Mat Fac Combat Hostiles Destroyed 20 | . 3 6 11 . Melee 2 | . . . 2 . Guns 2 | . . . 2 . AOE 16 | . 3 6 7 . Classes Destroyed 7 | . 3 2 2 . Worker 3 | . . 1 2 . Builder 5 | . 2 3 . . Watcher 5 | . 2 3 . . Swarmer 12 | . 3 4 5 . Grunt 3 | . . . 3 . Sentry 4 | . . 2 2 . Hunter 1 | . . . 1 . Best Kill Streak 8 | . 3 8 4 . Combat Bots Only 5 | . 3 5 3 . Max Kills in Single Turn 3 | . 3 3 2 . Gunslinging . | . . . . . Exploded 3 | . 3 2 2 . Melee 1 | . . . 1 . Uniques/NPCs Destroyed . | . . . . . Combat | -11 -10 -9 -8 -7 -------- Run | Yrd Mat Mat Mat Fac Hostile Shots Fired 460 | . 5 85 195 175 Missed 156 | . 1 26 66 63 Hits 304 | . 4 59 129 112 Melee 13 | . . . 13 . Projectile 291 | . 4 59 116 112 Critical Strikes 9 | . . 1 6 2 Damage Taken 3394 | . 66 558 1706 1064 Core 1312 | . 7 210 395 700 Absorbed by Shields . | . . . . . Ignored by Resistances 994 | . 16 175 479 324 Core Remaining (%) 68 | 100 97 47 28 . Volleys Fired 43 | . 7 18 16 2 Largest 2 | . 2 2 2 1 Hottest 95 | . 50 95 91 55 Shots Fired 71 | . 13 30 26 2 Gun 37 | . 7 18 10 2 Cannon . | . . . . . Launcher 34 | . 6 12 16 . Special . | . . . . . Kinetic 19 | . 7 4 8 . Thermal 16 | . . 14 2 . Explosive 34 | . 6 12 16 . Electromagnetic 2 | . . . . 2 Robot Hit Streak 27 | . 5 6 27 5 Robot Miss Streak 3 | . 1 3 1 . Penetration Max . | . . . . . Secondary Targets . | . . . . . Shots Hit Robots 53 | . 8 21 22 2 Core Hits 60 | . 8 21 31 . Critical Kills . | . . . . . Critical Parts Destroyed . | . . . . . Critical Strikes 1 | . . 1 . . Burn 1 | . . 1 . . Melee Attacks . | . . . . . Impact . | . . . . . Slashing . | . . . . . Piercing . | . . . . . Sneak Attacks . | . . . . . Combat Hostiles . | . . . . . Follow-up Attacks . | . . . . . Damage Inflicted 2212 | . 357 754 1079 22 Guns 437 | . 44 152 219 22 Cannons 12 | . . . 12 . Explosions 1684 | . 286 601 797 . Melee . | . . . . . Ramming 79 | . 27 1 51 . Kinetic 233 | . 44 10 179 . Thermal 182 | . . 142 40 . Explosive 1684 | . 286 601 797 . Electromagnetic 22 | . . . . 22 Impact 12 | . . . 12 . Slashing . | . . . . . Piercing . | . . . . . Highest Corruption 2 | . . . 2 . Average Corruption 1 | . . . 1 . Corruption Purged . | . . . . . Corruption Blocked . | . . . . . Effects 5 | . . . 5 . Message Errors 1 | . . . 1 . Heat Flow Errors 1 | . . . 1 . Parts Rejected 1 | . . . 1 . Data Loss (minor) 1 | . . . 1 . Weapon Failures 1 | . . . 1 . Overload Shots . | . . . . . Overflow Damage 38 | . 10 23 5 . Projectiles . | . . . . . Explosions 38 | . 10 23 5 . Melee . | . . . . . Knockbacks . | . . . . . Impact . | . . . . . Kinetic . | . . . . . Secondary . | . . . . . Self-Inflicted Damage 179 | . 43 57 79 . Shots 8 | . 2 3 3 . Rammed 22 | . 3 1 18 . Targets Rammed 23 | . 3 1 19 . Kicked . | . . . . . Crushed 1 | . . . 1 . Highest Temperature 110 | . 10 99 110 11 Average Temperature 24 | . 7 25 26 8 Received Heat Transfer 1149 | . . 45 693 411 Siege Activations . | . . . . . Martial Activations . | . . . . . Shielding Activations . | . . . . . Robots Disrupted . | . . . . . Combat Hostiles . | . . . . . Robots Corrupted . | . . . . . Combat Hostiles . | . . . . . Parts Fried . | . . . . . Impact Corruptions 1 | . . . 1 . Robots Melted . | . . . . . Combat Hostiles . | . . . . . Parts Melted . | . . . . . Heat Transferred 481 | . . 407 74 . Parts Sabotaged . | . . . . . Parts Stolen . | . . . . . Parts Stripped . | . . . . . Power Chain Reactions . | . . . . . Alert | -11 -10 -9 -8 -7 ------- Run | Yrd Mat Mat Mat Fac Maximum Alert Level . | . . . . . Low Security (%) 100 | 100 100 100 100 100 Level 1 . | . . . . . Level 2 . | . . . . . Level 3 . | . . . . . Level 4 . | . . . . . Level 5 . | . . . . . High Security . | . . . . . Max Security . | . . . . . Peak Influence 177 | . 86 177 112 30 Initial 29 | . . 11 29 . Average 53 | . 41 96 51 1 Influence Increases 849 | . 136 292 391 30 Destroy 0b10 Robot/C 400 | . 60 120 220 . Destroy 0b10 Robot/NC 65 | . 20 35 10 . Destroy Leader 100 | . 14 36 50 . Disable Machine 54 | . 9 18 27 . Destroy Structure 170 | . 33 53 84 . Partial Spotted 15 | . . 15 . . Lose Combat Pursuer 45 | . . 15 . 30 Influence Decreases 839 | . 104 242 473 20 Entered New Map 74 | . . 21 53 . Time Decay 544 | . 104 161 269 10 Lost Part 221 | . . 60 151 10 Squads Dispatched 2 | . . 2 . . Investigation . | . . . . . Extermination . | . . . . . Reinforcement 2 | . . 2 . . Assault . | . . . . . Garrison . | . . . . . Intercept . | . . . . . Searches Triggered . | . . . . . Construction Impeded . | . . . . . Haulers Reinforced . | . . . . . Active Scanning Responses . | . . . . . Cargo Convoy Interrupts . | . . . . . Stealth | -11 -10 -9 -8 -7 --------- Run | Yrd Mat Mat Mat Fac Distress Signals 7 | . . 2 5 . Communications Jammed . | . . . . . Distress Signals . | . . . . . Times Spotted 61 | . 6 18 25 12 Peak Tracking Total 7 | . 3 6 7 6 Tactical Retreats 7 | . . 1 4 2 Traps | -11 -10 -9 -8 -7 ------- Run | Yrd Mat Mat Mat Fac Traps Triggered 3 | . . . 3 . Indirectly . | . . . . . Trap Hack Attempts . | . . . . . Triggered . | . . . . . Disarmed . | . . . . . Reprogrammed . | . . . . . Reused . | . . . . . Traps Extracted . | . . . . . Installed . | . . . . . Triggered . | . . . . . Machines | -11 -10 -9 -8 -7 ---------- Run | Yrd Mat Mat Mat Fac Machines Disabled 6 | . 1 2 3 . Max in Single Turn 2 | . 1 1 2 . Machines Repaired . | . . . . . Machines Dismantled . | . . . . . Machines Sabotaged . | . . . . . Overloaded Fab Kills . | . . . . . Hacking | -11 -10 -9 -8 -7 --------- Run | Yrd Mat Mat Mat Fac Machines Accessed . | . . . . . Terminals . | . . . . . Fabricators . | . . . . . Repair Stations . | . . . . . Recycling Units . | . . . . . Scanalyzers . | . . . . . Garrison Access . | . . . . . Total Hacks . | . . . . . Successful . | . . . . . Failed . | . . . . . Catastrophic . | . . . . . Database Lockouts . | . . . . . Manual . | . . . . . Terminals . | . . . . . Fabricators . | . . . . . Repair Stations . | . . . . . Recycling Units . | . . . . . Scanalyzers . | . . . . . Garrison Access . | . . . . . Terminal Hacks . | . . . . . Fabricator Hacks . | . . . . . Repair Station Hacks . | . . . . . Recycling Unit Hacks . | . . . . . Scanalyzer . | . . . . . Garrison Access Hacks . | . . . . . Unauthorized Hacks . | . . . . . Terminals . | . . . . . Fabricators . | . . . . . Repair Stations . | . . . . . Recycling Units . | . . . . . Scanalyzers . | . . . . . Garrison Access . | . . . . . Data Cores Recovered . | . . . . . Used . | . . . . . Hacking Detections . | . . . . . Full Trace Events . | . . . . . Feedback Events . | . . . . . Feedback Blocked . | . . . . . Robot Schematics Acquired . | . . . . . Robots Built . | . . . . . Authchips . | . . . . . Time . | . . . . . Total Robot Build Rating . | . . . . . Part Schematics Acquired . | . . . . . Parts Built . | . . . . . Authchips . | . . . . . Time . | . . . . . Total Part Build Rating . | . . . . . Parts Repaired . | . . . . . Time . | . . . . . Parts Recycled . | . . . . . Recycled Matter . | . . . . . Retrieved Matter . | . . . . . Retrieved Components . | . . . . . Parts Scanalyzed . | . . . . . Part Schematics Acquired . | . . . . . Parts Damaged . | . . . . . Bothacking | -11 -10 -9 -8 -7 ------------ Run | Yrd Mat Mat Mat Fac Used RIF Installer . | . . . . . Robots Hacked . | . . . . . Non-combat . | . . . . . Combat . | . . . . . Robot Hacks Applied . | . . . . . Relay Couplers Released . | . . . . . Fabnet Peak Effective % . | . . . . . Robots Rewired . | . . . . . Allies Hacked . | . . . . . Hacks Repelled . | . . . . . Allies | -11 -10 -9 -8 -7 -------- Run | Yrd Mat Mat Mat Fac Total Allies . | . . . . . Largest Group . | . . . . . Highest-Rated Group . | . . . . . Highest-Rated Ally . | . . . . . Total Orders . | . . . . . Ally Attacks . | . . . . . Total Damage . | . . . . . Kills . | . . . . . Allies Corrupted . | . . . . . Allies Melted . | . . . . . Intel | -11 -10 -9 -8 -7 ------- Run | Yrd Mat Mat Mat Fac Active Infowar (turns) 654 | . . . 571 83 ECM 654 | . . . 571 83 Robot Analysis Total . | . . . . . Derelict Logs Recovered . | . . . . . Drone Launches . | . . . . . Drone Recoveries . | . . . . . Exploration | -11 -10 -9 -8 -7 ------------- Run | Yrd Mat Mat Mat Fac Turns Passed 1393 | 56 260 356 579 142 Spaces Moved 929 | 48 223 228 314 116 Core 128 | 6 2 2 2 116 Treads 164 | . . . 164 . Legs . | . . . . . Wheels 355 | 42 216 97 . . Hover 224 | . . 76 148 . Flight 58 | . 5 53 . . Fastest Speed 50 | 50 90 52 50 50 Average Speed 122 | 89 98 128 148 104 Slowest Speed 300 | 100 280 280 300 200 Overloaded Moves . | . . . . . Propulsion Burnouts . | . . . . . Robots Hopped . | . . . . . Potential Cave-ins 1 | . 1 . . . Cave-ins Triggered . | . . . . . Exploration Rate (%) 24 | 3 46 37 33 3 Regions Visited 4 Branch Regions . Pre-discovered Areas . | . . . . . Known Exits Taken . | . . . . . Unknown Exits Taken 4 | 1 1 1 1 . Scrap Searched . | . . . . . Spaces Dug 9 | . 9 . . . Terrain Destroyed 184 | . 31 55 98 . Melee . | . . . . . Projectile . | . . . . . AOE 184 | . 31 55 98 . Terrain Rammed . | . . . . . Walls Destroyed . | . . . . . Machines Disabled . | . . . . . Actions | -11 -10 -9 -8 -7 --------- Run | Yrd Mat Mat Mat Fac Total 1090 | 57 252 260 387 134 Wait 7 | . . . . 7 Move 925 | 47 222 227 313 116 Hop . | . . . . . Pick Up 24 | 4 4 4 12 . Fast Attach 28 | 6 7 5 7 3 Attach 18 | . . 3 10 5 Detach 3 | . 2 . 1 . Swap 3 | . . . 3 . Drop 16 | . 7 2 6 1 Fire 43 | . 7 18 16 2 Melee . | . . . . . Ram 12 | . 3 1 8 . Kick . | . . . . . Crush 11 | . . . 11 . Escape Stasis . | . . . . . Rewire . | . . . . . Trap . | . . . . . Miscellaneous . | . . . . . Route ------- -11/Scrapyard -10/Materials (discovered 3 exits: [*Mat] / [*Min x2]) -9/Materials (discovered 2 exits: [*Mat x2]) -8/Materials -7/Factory History --------- Turn | Location | Event 22 | -11/Scrapyard | Discovered new exit (range 16) 57 | -11/Scrapyard | Entered Materials 102 | -10/Materials | Discovered new exit (range 6) 272 | -10/Materials | Discovered new exit (range 11) 309 | -10/Materials | Build established: Mutant 310 | -10/Materials | Discovered new exit (range 7) 317 | -10/Materials | Entered another Materials area 317 | -9/Materials | Evolved 2 slots: Propulsion x2 467 | -9/Materials | Discovered new exit (range 14) 481 | -9/Materials | Lost 4 parts (4n) 661 | -9/Materials | Core integrity fell below 50% 669 | -9/Materials | Discovered new exit (range 6) 673 | -9/Materials | Entered another Materials area 673 | -8/Materials | Evolved 2 slots: Power x1, Utility x1 884 | -8/Materials | Lost 3 parts (2n1w) 1211 | -8/Materials | Core integrity fell below 50% 1226 | -8/Materials | Discovered new exit (range 16) 1252 | -8/Materials | Entered Factory 1252 | -7/Factory | Evolved 2 slots: Weapon x2 1281 | -7/Factory | Lost 8 parts (2p2n1u3w) 1366 | -7/Factory | Core integrity fell below 50% 1378 | -7/Factory | Core integrity fell below 20% 1394 | -7/Factory | Destroyed by Y-54 Guardian with Gatling Laser Last Messages --------------- Acquired Armor Integrity Analyzer. ECM Suite destroyed. Critical hit (Burn: +37). Grenade Launcher destroyed. Acquired 56 matter. Acquired 32 matter. Particle Gun destroyed. Nuclear Reactor explodes. Targeting Computer destroyed. Acquired Prototype Ballistic Gun. Identified Prc. Assault Rifle. Faulty integration triggers energy drain (-15). Dropped Faulty Prc. Assault Rifle. Armor Integrity Analyzer destroyed. Acquired Arc Projector. Arc Projector destroyed. S-27 Virus destroyed. Door malfunctions. S-27 Virus destroyed. Door malfunctions. Map ----- +----------------------------------------------------+ | ?????????????????????????????????????????????????? | | ?????????????????????????????????????????????????? | | ?????????????????????????????????????????????????? | | ???????????????????????????????????##############? | | ???????????????????????????????????# == #? | | ???????????????????????????????????# "" == #? | | ??????????????????????????????????## "R = ## | | ??????????????????????????????????# # | | ?????????????????????????????????## != # | | ??????????????#################### # | | ????????????? # | | ????????????? # | | ???????????? #? | | ???????????? [ #? | | ???????????? = ## | | ???????????????????#######Y### = # | | ???????????????????# # ## ######## | | ???????????????????# ! # # | | ???????????????????# g # # | | ???????????????????# # # | | ???????????????????# """ # # | | ???????????????????# """%* # # | | ???????????????????# """% " ############### # | | ???????????????????# [ #?????????????# # | | ???????????????????######s####?????????????# | | ????????????????????????#@#????????????????# | | ????????????????????????# #????????????????# | | ????????????????????????# #????????????????# | | ????????????????????????# #????????????????# | | ???????????????????????# #???????????????####### | | ?????????????????????? Y #????????????????# | | ?????????????????????### #????????????????# | | ???????????????????????##+##????????????????# | | ????????????????????????????????????????????# "" | | ????????????????????????????????????????????# "" | | ????????????????????????????????????????????# "" | | ????????????????????????????????????????????# | | ????????????????????????????????????????????# "" | | ????????????????????????????????????????????# "" | | ????????????????????????????????????????????# "" | | ????????????????????????????????????????????# | | ????????????????????????????????????????????# | | ????????????????????????????????????????????###### | | ?????????????????????????????????????????????????? | | ?????????????????????????????????????????????????? | | ?????????????????????????????????????????????????? | | ?????????????????????????????????????????????????? | | ?????????????????????????????????????????????????? | | ?????????????????????????????????????????????????? | | ?????????????????????????????????????????????????? | +----------------------------------------------------+ Best States ------------- Heat Dissipation 34 Energy Generation 19 Energy Capacity 265 Matter Stores 261 Matter Capacity 300 Sight Range 16 Terrain Scan Density 10 ECM Strength 1 Resistance: KI 20 Resistance: TH 20 Resistance: EX 20 Resistance: EM 20 Resistance: I 20 Resistance: S 20 Resistance: P 20 Evasion (%) 54 Targeting Accuracy 5 Armor Integrity Analysis 30 Recoil Reduction 2 Offensive Hacking 10 Item Schematics ----------------- None Robot Schematics ------------------ None Fabricated ------------ Nothing Repaired ---------- Nothing Alien Tech Used ----------------- None Achievements -------------- None Challenges ------------ None Game ------ Seed MassJunkArticulator Manual? 0 Play Time 00:19:31 Cumulative 19.6 hours Start 2025.09.23 @ 11:25:42 End 2025.09.23 @ 11:43:02 Sessions 1 Manual Loads 0 Difficulty Adventurer Special Mode None Game No. 54 Rogue 0 Adventurer 54 Explorer 0 Win Type - Total 0 Types 0/0/0/0/0/0/0/0/0/0 Lore% 20 Gallery% 20 Achievement% 21 Wizard Run 0 Options --------- Layout 1 ASCII 0 Keyboard 0 Movement Arrows Keybinds 0 Fullscreen 1 Font 36/Smallcaps Map View 50x43 Zoom Use 0% Tactical HUD 0 Map Filters NONE Filters NONE Steam 1 RUN: 336989a4-e019-4a9c-9ecf-c98ee6e892b5